Map: Abyssal Reef LE

Players

LiquidTLO (TLO)

  • Race: Zerg Zerg
  • Spawn Location: 11:00

Harstem - Winner!

  • Race: Protoss Protoss
  • Spawn Location: 5:00

Event: WCS Jonkoping 2017

VOD

Have the link to the VOD?

Description

Time

  • Played on: June 17, 2017, 11:47 a.m.
  • Length: 7:00

All games in this series

Show
View Real Time Build Order
Export as new Build Order

LiquidTLO Zerg 

Build Orders: Hatch First 

Get SALT Encoding   

  12  0:01  Drone  
  13  0:13  Overlord  
  13  0:17  Drone  
  14  0:32  Drone x2  
  16  0:51  Hatchery  
  16  0:52  Drone  
  16  0:57  Drone  
  17  1:10  Spawning Pool  
  16  1:12  Drone  
  16  1:16  Drone  
  18  1:20  Drone  
  18  1:21  Extractor  
  18  1:30  Drone  
  19  1:40  Overlord  
  19  1:50  Drone  
  20  1:56  Queen  
  22  2:01  Drone  
  22  2:02  Queen  
  22  2:04  Drone  
  26  2:11  Drone  
  26  2:13  Drone  
  28  2:30  Hatchery  
  28  2:32  Zergling x2  
  28  2:37  Queen  
  28  2:41  Drone  
  31  2:46  Overlord  
  31  2:50  Drone x2  
  33  2:54  Metabolic Boost  
  34  2:58  Drone  
  34  3:00  Drone  
  34  3:01  Drone  
  36  3:05  Drone  
  36  3:08  Drone  
  36  3:09  Drone  
  36  3:12  Drone  
  40  3:13  Drone  
  40  3:19  Queen  
  43  3:24  Overlord  
  43  3:28  Drone  
  43  3:32  Overlord  
  44  3:42  Drone  
  44  3:43  Evolution Chamber, Overlord  
  44  3:44  Drone  
  44  3:45  Drone  
  44  3:46  Drone  
  47  3:48  Drone x2  
  47  3:50  Drone  
  47  3:53  Drone x2  
  47  3:54  Drone  
  53  4:02  Drone  
  54  4:03  Drone x2  
  54  4:06  Drone  
  54  4:08  Spore Crawler  
  56  4:11  Spore Crawler, Zerg Melee Weapons Level 1  
  56  4:13  Spore Crawler  
  56  4:14  Zergling x2  
  56  4:15  Zergling x2  
  53  4:19  Drone  
  53  4:20  Drone x2  
  54  4:27  Drone x2  
  54  4:28  Zergling x6  
  54  4:30  Zergling x2  
  60  4:34  Baneling Nest, Zergling x2  
  60  4:36  Zergling x2  
  61  4:39  Zergling x2  
  61  4:42  Zergling x2  
  63  4:46  Drone  
  63  4:52  Drone  
  65  4:56  Drone  
  65  4:58  Lair  
  66  5:02  Zergling x2  
  66  5:03  Drone x3  
  66  5:05  Drone  
  66  5:06  Hatchery, Drone  
  71  5:07  Overlord  
  71  5:10  Zergling x2  
  71  5:11  Zergling x4  
  71  5:12  Zergling x2  
  74  5:17  Extractor, Overlord  
  74  5:18  Extractor, Drone  
  74  5:19  Drone  
  74  5:21  Extractor  
  74  5:22  Baneling x4  
  74  5:26  Extractor, Drone x2  
  73  5:28  Extractor  
  73  5:29  Drone  
  73  5:31  Drone x2  
  73  5:33  Drone  
  73  5:34  Drone x2  
  78  5:38  Drone  
  78  5:39  Drone  
  78  5:41  Drone  
  78  5:42  Drone  
  82  5:43  Drone x2  
  82  5:44  Zergling x2  
  85  5:51  Baneling x2  
  85  5:55  Zergling x6  
  88  5:59  Zergling x2  
  88  6:01  Overlord  
  89  6:05  Baneling  
  89  6:06  Spore Crawler, Baneling x8  
  89  6:07  Overlord  
  89  6:14  Spine Crawler  
  89  6:16  Zergling x2  
  89  6:17  Zergling x2  
  89  6:18  Zergling x4  
  89  6:19  Zergling x2  
  89  6:20  Zergling x4  
  89  6:23  Overlord  
  89  6:25  Zergling x6  
  89  6:27  Baneling x2  
  89  6:29  Zergling x4  
  89  6:30  Overlord  
  85  6:34  Zergling x2  
  85  6:37  Zergling x8  
Show
View Real Time Build Order
Export as new Build Order

Harstem Protoss - Winner!

Build Orders: 1 Gate Expand, Oracle Opening 

Get SALT Encoding   

  12  0:01  Probe (Chrono Boost)  
  13  0:11  Probe (Chrono Boost)  
  14  0:18  Pylon  
  14  0:22  Probe (Chrono Boost)  
  15  0:36  Probe (Chrono Boost)  
  15  0:38  Gateway  
  16  0:47  Assimilator  
  16  0:48  Probe (Chrono Boost)  
  17  0:59  Probe (Chrono Boost)  
  18  1:10  Probe (Chrono Boost)  
  19  1:20  Probe (Chrono Boost)  
  20  1:28  Nexus  
  20  1:36  Cybernetics Core  
  20  1:39  Probe (Chrono Boost)  
  21  1:45  Assimilator  
  21  1:50  Probe (Chrono Boost)  
  22  1:55  Pylon  
  22  2:00  Probe (Chrono Boost)  
  23  2:13  Probe (Chrono Boost)  
  23  2:14  Stalker (Chrono Boost), Warp Gate  
  26  2:25  Probe  
  27  2:31  Stargate  
  27  2:37  Probe (Chrono Boost)  
  27  2:38  Adept (Chrono Boost)  
  27  2:40  Probe (Chrono Boost)  
  31  2:49  Probe (Chrono Boost)  
  33  2:53  Probe (Chrono Boost)  
  33  2:54  Gateway  
  33  2:59  Probe (Chrono Boost)  
  33  3:04  Probe (Chrono Boost)  
  35  3:07  Gateway  
  35  3:10  Probe (Chrono Boost)  
  36  3:14  Probe (Chrono Boost)  
  36  3:18  Oracle (Chrono Boost)  
  40  3:20  Probe  
  40  3:25  Probe  
  42  3:27  Pylon  
  42  3:33  Probe  
  43  3:35  Probe  
  43  3:38  Pylon  
  44  3:45  Probe  
  44  3:46  Probe  
  46  3:49  Assimilator  
  46  3:50  Oracle (Chrono Boost)  
  46  3:54  Twilight Council  
  49  3:57  Probe x2  
  51  4:09  Probe  
  52  4:13  Robotics Facility  
  52  4:23  Probe  
  52  4:24  Resonating Glaives (Chrono Boost)  
  52  4:25  Probe  
  53  4:31  Adept  
  53  4:36  Pylon  
  55  4:41  Nexus  
  55  4:44  Gateway  
  55  4:49  Gateway  
  55  4:50  Gateway  
  55  4:57  Pylon, Gateway  
  55  4:59  Sentry  
  57  5:04  Warp Prism (Chrono Boost)  
  59  5:08  Pylon  
  56  5:15  Probe  
  56  5:18  Assimilator  
  56  5:20  Pylon  
  56  5:21  Adept x2  
  61  5:23  Probe  
  61  5:28  Adept  
  64  5:31  Probe  
  64  5:33  Pylon  
  64  5:35  Probe  
  66  5:45  Adept x3  
  66  5:48  Adept  
  66  5:49  Adept  
  76  5:56  Adept x2  
  80  5:59  Pylon  
  80  6:07  Adept x2  
  80  6:08  Adept  
  86  6:15  Adept x3  
  80  6:28  Adept x4  
  80  6:32  Probe  
  85  6:35  Adept x3  
  85  6:38  Probe  
  90  6:46  Adept x2  
  90  6:48  Adept x2  
  87  6:57  Adept  
  87  6:58  Adept x2  
Tags
 
Add a new tag
Caveats
  • Supply blocks, unpowered buildings, or Contaminate may cause inaccurate times.
  • Supply counts are checked every 10 seconds.